 Dungeon Crawl Stone Soup version 0.23-a0-673-g3803c42f16 (webtiles) character file.

780 LLavrengius the Cutter (level 7, 0/46 HPs)
             Began as an Octopode Fighter on Jan 9, 2019.
             Was a Believer of Wu Jian.
             Slain by a phantom (7 damage)
             ... on level 6 of the Dungeon.
             The game lasted 00:10:24 (3130 turns).

LLavrengius the Cutter (Octopode Fighter)           Turns: 3130, Time: 00:10:24

Health: 0/46       AC:  1    Str: 19    XL:     7   Next: 85%
Magic:  7/7        EV: 12    Int: 10    God:    Wu Jian [**....]
Gold:   172        SH: 10    Dex: 14    Spells: 6/6 levels left

rFire    . . .     SeeInvis .   a - +0 rapier
rCold    . . .     Gourm    .   b - +1 shield
rNeg     . . .     Faith    .   (helmet restricted)
rPois    .         Spirit   .   e - amulet of regeneration
rElec    .         Reflect  .   s - +4 ring of strength
rCorr    .         Harm     .   (no ring)
MR       .....                  (no ring)
Stlth    ++++......             (no ring)
HPRegen  0.55/turn              (no ring)
MPRegen  0.10/turn              (no ring)
                                (no ring)
                                (no ring)

@: no status effects
A: almost no armour, stealthy swim, amphibious, 8 rings, constrict 8, camouflage
1, gelatinous body 1
a: Wall Jump, Renounce Religion


You were on level 6 of the Dungeon.
You worshipped Wu Jian.
Wu Jian was pleased with you.
You were not hungry.

You visited 1 branch of the dungeon, and saw 6 of its levels.

You collected 172 gold pieces.

Inventory:

Hand Weapons
 a - a +0 rapier (weapon)
 p - a +1 dagger of protection
Missiles
 k - 6 silver javelins (quivered)
Armour
 b - a +1 shield (worn)
Jewellery
 e - an amulet of regeneration (around mantle)
 s - a +4 ring of strength (left tentacle)
Wands
 z - a wand of acid (5)
Scrolls
 g - 2 scrolls of enchant armour
 h - 2 scrolls of teleportation {unknown}
 j - 2 scrolls of identify {unknown}
 l - a scroll of immolation {unknown}
 o - 5 scrolls of remove curse
 q - a scroll of magic mapping
 r - a scroll of random uselessness {unknown}
 y - a scroll of enchant weapon {unknown}
 A - a scroll of noise {unknown}
Potions
 c - a potion of might
 f - a potion of resistance {unknown}
 i - a potion of degeneration {unknown}
 m - a potion of invisibility {unknown}
 n - a potion of lignification {unknown}
 t - a potion of flight {unknown}
 u - a potion of magic {unknown}
 w - a potion of curing {unknown}
 x - a potion of haste {unknown}
Comestibles
 d - 10 rations
 v - a chunk of flesh


   Skills:
 - Level 3.0 Fighting
 + Level 7.4 Short Blades
 - Level 3.0 Dodging
 - Level 6.1 Stealth
 - Level 3.0 Shields


You had 6 spell levels left.
You didn't know any spells.
Your spell library was empty.

Dungeon Overview and Level Annotations

Branches:
Dungeon (6/15)             Temple (0/1) D:5

Altars:
Cheibriados
Dithmenos
Fedhas
Hepliaklqana
Kikubaaqudgha
Makhleb
Nemelex Xobeh
Sif Muna
Uskayaw
Wu Jian
Yredelemnul
The Shining One

Annotations:
D:3 1 runed door, iamserjio's ghost, amateur GnMo
D:4 3 runed doors, guttsta's ghost, amateur MiBe


Innate Abilities, Weirdness & Mutations

You cannot wear most types of armour.
You are very stealthy in the water. (Stealth+)
You are amphibious.
You can wear up to eight rings at the same time.
You can use your tentacles to constrict eight enemies at once.
Your skin changes colour to match your surroundings (Stealth+).
Your rubbery body absorbs attacks. (AC +1, EV +1)


Message History

Your squeeze misses the phantom. The phantom hits you!
You barely miss the phantom. The phantom barely misses you.
You closely miss the phantom. The phantom barely misses you.
You hit the phantom. Your squeeze misses the phantom.
The phantom is lightly damaged.
The phantom hits you!
You hit the phantom.
The phantom is lightly damaged.
The phantom hits you!
* * * LOW HITPOINT WARNING * * *
You hit the phantom but do no damage. Your squeeze misses the phantom.
The phantom is lightly damaged.
The phantom closely misses you.
You puncture the phantom!
The phantom is moderately damaged.
The phantom closely misses you.
You hit the phantom but do no damage. Your squeeze misses the phantom.
The phantom is moderately damaged.
The phantom hits you!
You die...

#..# #..#
#..#
######..#
........##
#######..#
##.# #W#
#@# #.#
#.# #!#
..# ###


You could see a phantom.

Vanquished Creatures
  An ogre (D:5)
  A wyvern skeleton (D:6)
  2 scorpions
  2 hounds
  5 orc priests
  2 orc wizards (D:5)
  6 worker ants
  5 adders
  An adder skeleton (D:5)
  A worm (D:2)
  3 dart slugs (D:1)
  2 leopard geckos
  15 orcs
  3 giant cockroaches
  4 goblins
  7 hobgoblins
  9 jackals
  3 kobolds
  2 quokkas
  8 bats
  4 frilled lizards
  A jackal skeleton (D:4)
  A quokka zombie (D:5)
  4 rats
92 creatures vanquished.

Notes
Turn   | Place    | Note
-------+----------+-------------------------------------------
     0 | D:1      | LLavrengius the Octopode Fighter began the quest for the
                  | Orb.
     0 | D:1      | Reached XP level 1. HP: 16/16 MP: 1/1
    55 | D:1      | Reached skill level 1 in Stealth
    74 | D:1      | Reached XP level 2. HP: 21/21 MP: 2/2
   299 | D:1      | Reached XP level 3. HP: 26/26 MP: 3/3
   497 | D:2      | Found an ancient bone altar of Kikubaaqudgha.
   503 | D:2      | Found a deep blue altar of Sif Muna.
   503 | D:2      | Found a blossoming altar of Fedhas.
   508 | D:2      | Found an ornate altar of the Wu Jian Council.
   511 | D:2      | Reached skill level 3 in Short Blades
   513 | D:2      | Became a worshipper of the Wu Jian Council
   634 | D:2      | Reached XP level 4. HP: 27/31 MP: 4/4
  1102 | D:3      | Reached XP level 5. HP: 10/36 MP: 5/5
  1323 | D:3      | Found a runed door.
  1344 | D:3      | Reached * piety under Wu Jian
  1385 | D:3      | Noticed iamserjio's ghost (amateur GnMo)
  1697 | D:4      | Found a hazy altar of Hepliaklqana.
  1698 | D:4      | Found a basalt altar of Yredelemnul.
  1698 | D:4      | Found a sparkling altar of Nemelex Xobeh.
  1703 | D:4      | Found a glowing golden altar of the Shining One.
  1703 | D:4      | Found a burning altar of Makhleb.
  1704 | D:4      | Found a hide-covered altar of Uskayaw.
  1704 | D:4      | Found a snail-covered altar of Cheibriados.
  1747 | D:4      | Reached skill level 4 in Short Blades
  1747 | D:4      | Reached skill level 5 in Stealth
  1951 | D:4      | Found a runed gate.
  1951 | D:4      | Found a runed gate.
  1952 | D:4      | Found a runed gate.
  2048 | D:4      | Noticed an ice beast
  2049 | D:4      | Noticed guttsta's ghost (amateur MiBe)
  2353 | D:5      | Entered Level 5 of the Dungeon
  2366 | D:5      | Noticed a phantom
  2379 | D:5      | Reached XP level 6. HP: 38/42 MP: 6/6
  2476 | D:5      | Found a shadowy altar of Dithmenos.
  2542 | D:5      | Reached skill level 5 in Short Blades
  2621 | D:5      | Reached XP level 7. HP: 46/46 MP: 7/7
  2685 | D:5      | Found a staircase to the Ecumenical Temple.
  2700 | D:5      | Reached skill level 6 in Short Blades
  2722 | D:5      | Reached ** piety under Wu Jian
  3031 | D:6      | Reached skill level 7 in Short Blades
  3130 | D:6      | Slain by a phantom

Vault maps used:
D:1:      dpeg_arrival_orchard
D:2:      minitemple, first_ration
D:3:      ebering_ghost_sewer_d, nrook_mini_backslash, minmay_misc_feat_columns
D:4:      grunt_temple_overflow_open, gammafunk_ghost_icy
D:5:      lemuel_round_altar, minmay_temple_entry_arrows, minmay_statues_item
D:6:      lemuel_round_altar, tso_altar

Skill      XL: |  1  2  3  4  5  6  7 |
---------------+----------------------+-----
Stealth        | 1 2 3 4 5 6 |  6.1
Short Blades   | 3 4 5 7 |  7.4
Fighting       | |  3.0
Dodging        | |  3.0
Shields        | |  3.0

Action                   |  1- 3 |  4- 6 |  7- 9 || total
-------------------------+-------+-------+-------++-------
Melee: Rapier            |    49 |   107 |    70 ||   226
       Constrict         |    12 |    23 |    15 ||    50
       Tentacles         |     8 |    22 |    13 ||    43
Invok: Lunge             |     1 |    11 |     8 ||    20
  Use: Scroll            |       |     3 |       ||     3
 Stab: Sleeping          |     8 |     9 |     3 ||    20
  Eat: Chunk             |       |     5 |     2 ||     7
Armor: Skin              |       |       |     1 ||     1
Dodge: Dodged            |    21 |    36 |    24 ||    81
Block: Shield            |    11 |    30 |    25 ||    66

Table legend:
 A = Non-vault XP
 B = Vault XP
 C = Vault XP percentage of total XP
 D = Non-vault monster count
 E = Vault monster count
 F = Vault count percentage of total count
                 A         B        C        D         E       F
            +---------+---------+-------+---------+---------+-------
      Total |    1115 |       0 |   0.0 |      92 |       0 |   0.0
            +---------+---------+-------+---------+---------+-------
        D:1 |      38 |       0 |   0.0 |      18 |       0 |   0.0
        D:2 |      54 |       0 |   0.0 |      17 |       0 |   0.0
        D:3 |     105 |       0 |   0.0 |      15 |       0 |   0.0
        D:4 |     121 |       0 |   0.0 |      11 |       0 |   0.0
        D:5 |     568 |       0 |   0.0 |      23 |       0 |   0.0
        D:6 |     229 |       0 |   0.0 |       8 |       0 |   0.0
            +---------+---------+-------+---------+---------+-------
